 Dungeon Crawl Stone Soup version 0.24.1-4-ge52af88ad5 (webtiles) character file.

Game seed: 12575122917169018787, levelgen mode: deterministic

192 Curus the Chopper (level 5, -3/45 HPs)
             Began as a Minotaur Abyssal Knight on Apr 14, 2020.
             Was a Priest of Lugonu.
             Killed by divine providence
             ... invoked by an orc priest
              (11 damage)
             ... on level 3 of the Dungeon.
             The game lasted 00:11:16 (1877 turns).

Curus the Chopper (Minotaur Abyssal Knight)         Turns: 1877, Time: 00:11:17

Health: -3/45      AC:  9    Str: 17    XL:     5   Next: 42%
Magic:  7/7        EV:  7    Int:  9    God:    Lugonu [***...]
Gold:   115        SH:  0    Dex: 10    Spells: 4/4 levels left

rFire    . . .     SeeInvis .   a - +1 hand axe
rCold    . . .     Gourm    .   (no shield)
rNeg     . . .     Faith    .   m - +0 chain mail
rPois    .         Spirit   .   (helmet restricted)
rElec    .         Reflect  .   (no cloak)
rCorr    .         Harm     .   h - +0 pair of gloves
MR       .....                  (no boots)
Stlth    ..........             (no amulet)
HPRegen  0.15/turn              (no ring)
MPRegen  0.10/turn              (no ring)

@: no status effects
A: retaliatory headbutt, horns 2
a: Depart the Abyss, Bend Space, Banish, Renounce Religion


You were on level 3 of the Dungeon.
You worshipped Lugonu.
Lugonu was most pleased with you.
You were not hungry.

You visited 1 branch of the dungeon, and saw 3 of its levels.
You visited the Abyss 1 time.

You collected 115 gold pieces.

Inventory:

Hand Weapons
 a - a +1 hand axe (weapon)
Armour
 b - a +0 leather armour
 h - a +0 pair of gloves (worn)
 j - a +0 ring mail
 m - a +0 chain mail (worn)
Jewellery
 d - a -3 ring of intelligence
 f - an uncursed ring of ice
Scrolls
 e - a scroll of amnesia
 i - a scroll of identify
 l - a scroll of remove curse
Potions
 g - a potion of magic
Comestibles
 c - 8 rations
 k - a chunk of flesh


   Skills:
 - Level 3.6 Fighting
 + Level 5.1 Axes
 - Level 2.4 Armour
 - Level 1.1 Dodging
 + Level 4.1 Invocations


You had 4 spell levels left.
You didn't know any spells.
Your spell library was empty.

Dungeon Overview and Level Annotations

Branches:
Dungeon (3/15)

Altars:


Innate Abilities, Weirdness & Mutations

You reflexively headbutt those who attack you in melee.
You have a pair of horns on your head.


Message History

The orc throws a silver boomerang.
The silver boomerang barely misses you.
The weapon returns to the orc!
The orc hits you from afar with a +0 trident of flaming.
The orc burns you.
A magic dart appears from out of thin air!
The magic dart hits you.
The orc throws a silver boomerang.
The silver boomerang barely misses you.
The weapon returns to the orc!
The orc priest hits you but does no damage.
The orc throws a silver boomerang.
The silver boomerang closely misses you.
The weapon returns to the orc!
A puff of flame appears from out of thin air!
The puff of flame hits you!
* * * LOW HITPOINT WARNING * * *
The orc wizard mumbles some strange words.
The orc wizard flickers and vanishes!
The orc priest mumbles some strange prayers to Beogh against you.
Beogh smites you!
You die...

###### ####....# ########## .#
...#....# #........##### .#
...#....####............##.######
................@..o.............
.>........#######.......#.......#
......###..# #.......#.......#
......####.######....o..#.......#
................................#
.............########.###.......#
......................# #.o.....#
......................###.......#
#.#..............................


You could see an orc priest and an orc.

Vanquished Creatures
  An orc priest (D:3)
  3 gnolls (D:3)
  4 adders
  3 oozes
  4 worms (D:2)
  A dart slug (D:2)
  4 leopard geckos
  3 orcs (D:3)
  4 giant cockroaches
  3 goblins
  8 hobgoblins
  4 jackals (D:3)
  2 quokkas
  A ball python (D:2)
  4 bats
  2 frilled lizards
  8 kobolds
  9 rats
68 creatures vanquished.

Notes
Turn   | Place    | Note
-------+----------+-------------------------------------------
     0 | Abyss:1  | Curus the Minotaur Abyssal Knight began the quest for the
                  | Orb.
     0 | Abyss:1  | Reached XP level 1. HP: 19/19 MP: 1/1
    91 | Abyss:1  | Found a corrupted altar of Lugonu.
   106 | D:1      | Escaped the Abyss
   224 | D:1      | Reached XP level 2. HP: 22/26 MP: 2/2
   246 | D:1      | Reached skill level 3 in Axes
   560 | D:2      | Reached ** piety under Lugonu
   566 | D:2      | Reached XP level 3. HP: 31/31 MP: 2/4
   922 | D:2      | Reached skill level 4 in Axes
  1090 | D:2      | Reached XP level 4. HP: 36/39 MP: 5/5
  1462 | D:3      | Reached XP level 5. HP: 17/45 MP: 6/6
  1765 | D:3      | Reached skill level 5 in Axes
  1854 | D:3      | Reached *** piety under Lugonu
  1877 | D:3      | Killed from afar by an orc priest

Levels and vault maps discovered:
D:1:      minmay_arrival_cross, layout_rooms, serial_park_tiny_2,
          serial_bayou_crossing
D:2:      layout_loops_ring, first_ration
D:3:      layout_basic

Skill      XL: |  1  2  3  4  5 |
---------------+----------------+-----
Invocations    | 2 3 4 |  4.1
Axes           | 3 4 5 |  5.1
Fighting       | |  3.6
Armour         | |  2.4
Dodging        | |  1.1

Action                   |  1- 3 |  4- 6 || total
-------------------------+-------+-------++-------
Melee: Hand axe          |    81 |    83 ||   164
       Headbutt          |     7 |    17 ||    24
  Use: Scroll            |     5 |       ||     5
       Potion            |     1 |       ||     1
  Eat: Chunk             |     1 |     2 ||     3
Armor: Leather armour    |    12 |       ||    12
       Ring mail         |     2 |    31 ||    33
       Chain mail        |       |    20 ||    20
Dodge: Dodged            |    47 |    34 ||    81
